 Dungeon Crawl Stone Soup version 0.30-a0-591-g3c58d2bc28 (webtiles) character file.

Game seed: 2770078877540512964

112 kae the Insei (level 4, 0/32 HPs)
             Began as a Demonspawn Transmuter on Jan 5, 2023.
             Succumbed to an adder's poison
             ... on level 2 of the Dungeon.
             The game lasted 00:02:04 (1887 turns).

kae the Insei (Demonspawn Transmuter)               Turns: 1887, Time: 00:02:05

Health: 0/32       AC:  2    Str: 11    XL:     4   Next: 63%
Magic:  8/8        EV: 12    Int: 22    God:
Gold:   147        SH:  8    Dex: 13    Spells: 2/8 levels left

rFire   . . .      SeeInvis .      - Unarmed
rCold   . . .      Faith    .    (no shield)
rNeg    . . .      Spirit   .    a - +0 robe
rPois   .          Reflect  .    (helmet currently unavailable)
rElec   .          Harm     .    (no cloak)
rCorr   .          Rampage  .    (no gloves)
Will    .....                    (boots currently unavailable)
Stlth   +                        (no amulet)
HPRegen 0.25/turn                I - +6 ring of intelligence
MPRegen 0.11/turn                (no ring)

@: mighty, lethally poisoned (0 -> -7), appendages, flying
A: horns 2, talons 2, large bone plates 1, condensation shield
a: End Transformation


You were on level 2 of the Dungeon.
You had temporarily grown beastly horns and talons.
You visited 1 branch of the dungeon, and saw 2 of its levels.

You collected 147 gold pieces.


Innate Abilities, Weirdness & Mutations

You have temporarily grown beastly horns and talons.
You are partially covered in large bone plates. (SH +4)
A meltable shield of frost defends you. (SH +4)


   Skills:
 - Level 1.0 Fighting
 - Level 1.7 Dodging
 + Level 3.3 Unarmed Combat
 + Level 2.7 Spellcasting
 * Level 3.2 Transmutations
 - Level 1.0 Poison Magic


You had 2 spell levels left.
You knew the following spells:

 Your Spells              Type           Power      Damage    Failure   Level
a - Beastly Appendage     Tmut           34%        N/A       3%          1
b - Wereblood             Tmut           17%        N/A       4%          2
c - Spider Form           Tmut/Pois      12%        N/A       16%         3

Your spell library contained the following spells:

 Spells                   Type           Power      Damage    Failure   Level
 Sting                    Tmut/Pois      48%        1d5       5%          1
 Poisonous Vapours        Pois/Air       10%        N/A       16%         2
 Ice Form                 Ice/Tmut       10%        N/A       54%         4
 Olgreb's Toxic Radiance  Pois           7%         N/A       63%         4

Inventory:

Missiles
 e - 28 stones
 g - 3 poisoned darts
 j - 2 boomerangs
Armour
 a - a +0 robe (worn)
Jewellery
 I - a +6 ring of intelligence (left hand)
   (You found it on level 1 of the Dungeon)
 L - a ring of flight
   (You found it on level 2 of the Dungeon)
Scrolls
 c - a scroll of immolation {unknown}
 d - 2 scrolls of identify {unknown}
 f - a scroll of amnesia {unknown}
 h - a scroll of enchant weapon {unknown}
 k - a scroll of brand weapon {unknown}
Potions
 b - a potion of lignification {!q}

Dungeon Overview and Level Annotations

Branches:
Dungeon (2/15) Zot: 10123

Altars:
Kikubaaqudgha

#....##.#..#.## #
##..##.#..#)## #
#..##.#..#.## #
#.##.#..#.## #
###.#..#.##. #
##.#..#.##..## #
#......###..†### #
#'#.#..#.###)..###
#@###.#..#.###...#
#.S.###.#..#.###)#
##....###.#..#.#'#
.#....###.#..#.#
##.##.. ###.#... #
# ###..# #### # #


You could see an adder.


Message History

The frilled lizard bites you but does no damage.
You hit the frilled lizard.
You kill the frilled lizard!
Your transformation is almost over.
l - a bubbling green potion Your horns disappear.
Your talons disappear.
There is an open door here.
Things that are here:
a +0 club; a goblin corpse You open the door.
There is an open door here.
An adder comes into view.
The adder hisses angrily.
An adder is nearby!
An adder is nearby!
Casting: Beastly Appendage (safe; 3% risk of failure)
Confirm with . or Enter, or press ? or * to list all spells.
You grow a pair of large bovine horns.
Your feet morph into talons.
The adder bites you but does no damage. The adder bites you.
The adder closely misses you. 😕 HP[-2] MP[-1]
You take 2 damage, and now have 30/32 hp.
You lost 1 mp, and now have 7/8 mp.
You hit the adder but do no damage. The adder bites you.
You are poisoned.
The adder poisons you!
You miss the adder. Your kick misses the adder. Your headbutt misses the adder.
You feel sick. You block the adder's attack. 😕 HP[-3]
You take 3 damage, and now have 27/32 hp.
An adder is nearby!
You closely miss the adder. Your kick misses the adder.
Your headbutt misses the adder.
You feel sick. The adder closely misses you. The adder bites you.
You hit the adder.
You feel sick. The adder closely misses you. 😮 HP[-3]
You take 3 damage, and now have 24/32 hp.
An adder is nearby!
You miss the adder.
You feel sick. The adder barely misses you.
You miss the adder.
You feel sick.
You are no longer poisoned.
The adder bites you. 😮 HP[-4]
You take 4 damage, and now have 20/32 hp.
An adder is nearby!
You are too injured to fight recklessly!
You are too injured to fight recklessly!
An adder is nearby!
Unknown command.
You miss the adder. Your kick misses the adder. The adder barely misses you.
The adder bites you. 😮 HP[-2]
You take 2 damage, and now have 18/32 hp.
You miss the adder. The adder bites you.
* * * LOW HITPOINT WARNING * * *
Unknown command. 😨 HP[-2] MP[+1]
You take 2 damage, and now have 16/32 hp.
Your mp is fully restored (8).
You barely miss the adder. Your kick misses the adder.
Your headbutt misses the adder. You block the adder's attack.
You barely miss the adder. Your headbutt misses the adder. The adder bites you.
* * * LOW HITPOINT WARNING * * *
😨 HP[-1]
You take 1 damage, and now have 15/32 hp.
Unknown command.
You miss the adder. Your kick misses the adder. The adder bites you.
* * * LOW HITPOINT WARNING * * *
You are poisoned.
The adder poisons you! 😨 HP[-3]
You take 3 damage, and now have 12/32 hp.
You barely miss the adder.
You feel sick. You block the adder's attack.
The adder closely misses you. 😨 HP[-1]
You take 1 damage, and now have 11/32 hp.
Unknown command.
You hit the adder but do no damage. Your kick misses the adder.
You feel sick. The adder bites you.
* * * LOW HITPOINT WARNING * * *
You are lethally poisoned!
The adder poisons you! 😱 HP[-5]
You take 5 damage, and now have 6/32 hp.
You miss the adder. Your kick misses the adder.
* * * LOW HITPOINT WARNING * * *
You feel very sick. The adder closely misses you. 😱 HP[-3]
You take 3 damage, and now have 3/32 hp.
It was a potion of flight.
You feel very buoyant.
You fly up into the air.
* * * LOW HITPOINT WARNING * * *
You feel sick. The adder barely misses you. 😱 HP[-2]
You take 2 damage, and now have 1/32 hp.
It was a potion of might.
You feel very mighty all of a sudden.
You die...

Skill      XL: |  1  2  3 |
---------------+----------+-----
Transmutations | 2 3 |  3.2
Unarmed Combat | 3 |  3.3
Poison Magic   | 1 |  1.0
Fighting       | |  1.0
Dodging        | |  1.7
Spellcasting   | |  2.7

Action                   |  1- 3 |  4- 6 || total
-------------------------+-------+-------++-------
Melee: Unarmed           |   107 |    68 ||   175
       Kick              |    13 |     6 ||    19
       Headbutt          |    11 |     6 ||    17
       Punch             |       |     2 ||     2
 Cast: Beastly Appendage |    17 |     8 ||    25
       Spider Form       |     1 |     1 ||     2
  Use: Potion            |       |     2 ||     2
 Stab: Distracted        |     1 |       ||     1
Armor: Robe              |    19 |     6 ||    25
       Skin              |       |     1 ||     1
Dodge: Dodged            |    60 |    33 ||    93
Block: Other             |    17 |    19 ||    36

Levels and vault maps discovered:
D:1:      minmay_arrival_five_plusses, layout_basic
D:2:      minmay_razor_zed, layout_basic, basic_altar,
          chequers_serial_rivers_large_a

Notes
Turn   | Place    | Note
-------+----------+-------------------------------------------
     0 | D:1      | kae the Demonspawn Transmuter began the quest for the Orb.
     0 | D:1      | Reached XP level 1. HP: 15/15 MP: 3/3
     0 | D:1      | magus.rc [v1.11.3]
    68 | D:1      | Reached skill level 2 in Transmutations
    90 | D:1      | Gained mutation: You are partially covered in large bone
                  | plates. (SH +4) [demonic ancestry]
    90 | D:1      | Reached XP level 2. HP: 17/21 MP: 3/5
   348 | D:1      | Reached skill level 3 in Unarmed Combat
   632 | D:1      | Reached XP level 3. HP: 23/26 MP: 6/6
   635 | D:1      | Learned a level 2 spell: Wereblood
   639 | D:1      | Learned a level 3 spell: Spider Form
   806 | D:2      | HP: 6/26 [poisoned by an adder]
   942 | D:2      | You add the spells Sting, Poisonous Vapours and Olgreb's
                  | Toxic Radiance to your library.
   969 | D:2      | Reached skill level 1 in Poison Magic
  1060 | D:2      | Found an ancient bone altar of Kikubaaqudgha.
  1072 | D:2      | Reached skill level 3 in Transmutations
  1072 | D:2      | Gained mutation: A meltable shield of frost defends you.
                  | (SH +4) [demonic ancestry]
  1072 | D:2      | Reached XP level 4. HP: 10/32 MP: 3/7
  1074 | D:2      | HP: 8/32 [poisoned by an adder]
  1884 | D:2      | HP: 6/32 [adder (4)]
  1886 | D:2      | HP: 1/32 [poisoned by an adder]
  1887 | D:2      | Succumbed to an adder's poison

Vanquished Creatures
  5 adders (D:2)
  2 dart slugs (D:1)
  9 ball pythons
  4 endoplasms
  3 giant cockroaches (D:2)
  7 goblins
  3 hobgoblins
  3 jackals (D:2)
  9 kobolds
  2 quokkas (D:2)
  6 bats
  2 frilled lizards (D:2)
  6 rats
61 creatures vanquished.

Table legend:
 A = Non-vault XP
 B = Vault XP
 C = Vault XP percentage of total XP
 D = Non-vault monster count
 E = Vault monster count
 F = Vault count percentage of total count
                 A         B        C        D         E       F
            +---------+---------+-------+---------+---------+-------
      Total |     144 |      16 |  10.0 |      51 |      10 |  16.4
            +---------+---------+-------+---------+---------+-------
        D:1 |      41 |       0 |   0.0 |      24 |       0 |   0.0
        D:2 |     103 |      16 |  13.4 |      27 |      10 |  27.0
            +---------+---------+-------+---------+---------+-------

Illustrated notes

Table legend:
 A = Kills in this place as a percentage of kills in entire the game.
 B = Kills by you in this place as a percentage of kills by you in the entire game.
 C = Kills by friends in this place as a percentage of kills by friends in the entire game.
 D = Other kills in this place as a percentage of other kills in the entire game.
 E = Experience gained in this place as a percentage of experience gained in the entire game.
 F = Experience gained in this place divided by the number of levels of this place that you have seen.
                   A       B       C       D       E      F
               +-------+-------+-------+-------+-------+----------------------
         Total | 100.0 | 100.0 |   N/A |   N/A | 100.0 |  80.0
       Dungeon | 100.0 | 100.0 |   N/A |   N/A | 100.0 |  80.0
               +-------+-------+-------+-------+-------+----------------------

Table legend: (Time is in decaauts)
 A = Elapsed time spent in this place.
 B = Non-inter-level travel time spent in this place.
 C = Inter-level travel time spent in this place.
 D = Time resting spent in this place.
 E = Time spent auto-exploring this place.
 F = Levels seen in this place.
 G = Mean time per level.
                   A        B        C        D        E       F      G
               +--------+--------+--------+--------+--------+-----+--------+
         Total |   1876 |   1871 |      5 |     14 |   1470 |   2 |  938.0 |
       Dungeon |   1876 |   1871 |      5 |     14 |   1470 |   2 |  938.0 |
               +--------+--------+--------+--------+--------+-----+--------+

Top non-repeatable levels by time:
     D:2: 1110 daAuts
     D:1: 765 daAuts
